 Dungeon Crawl Stone Soup version 0.30.0-13-g156ef70053 (webtiles) character file.

Game seed: 17888367329286186246

11 monsoonserge the Vexing (level 2, -2/23 HPs)
             Began as a Meteoran Hexslinger on May 18, 2023.
             Slain by a kobold
             ... wielding a +0 dagger
              (3 damage)
             ... on level 1 of the Dungeon.
             The game lasted 00:03:10 (352 turns).

monsoonserge the Vexing (Meteoran Hexslinger)        Turns: 352, Time: 00:03:10

Health: -2/23      AC:  2    Str: 11    XL:     2   Next: 58%
Magic:  1/5        EV: 12    Int: 14    God:
Gold:   19         SH:  0    Dex: 14    Spells: 1/3 levels left

rFire   . . .        a - +1 sling
rCold   . . .        (no shield)
rNeg    . . .        c - +0 robe
rPois   .            (no helmet)
rElec   .            (no cloak)
rCorr   .            (no gloves)
SInv    .            (no boots)
Will    .....        (no amulet)
Stlth   +            (no ring)
HPRegen 0.23/turn    (no ring)
MPRegen 0.09/turn

%: no passive effects
@: very slightly contaminated, glowing
A: sense surroundings 1, otherworldly, glowing, explore regen
a: no special abilities


You were on level 1 of the Dungeon.
You visited 1 branch of the dungeon, and saw 1 of its levels.

You collected 19 gold pieces.

Inventory:

Hand Weapons
 a - a +1 sling (weapon)
Armour
 c - a +0 robe (worn)
Magical Staves
 g - a staff of earth
Scrolls
 b - a scroll of poison
 d - a scroll of identify {unknown}
 h - a scroll of magic mapping {unknown}
Potions
 e - a potion of brilliance {unknown}
 f - a potion of heal wounds {unknown}


   Skills:
 + Level 1.2 Fighting
 + Level 2.6 Ranged Weapons
 + Level 2.6 Dodging
 + Level 1.3 Spellcasting
 + Level 3.9 Hexes


You had one spell level left.
You knew the following spells:

 Your Spells              Type           Power      Damage    Failure   Level
a - Slow                  Hex            48%        N/A       4%          1
b - Sandblast             Erth           0%         2d4       26%         1

Your spell library contained the following spells:

 Spells                   Type           Power      Damage    Failure   Level
 Inner Flame              Hex/Fire       6%         N/A       34%         3
 Portal Projectile        Hex/Tloc       12%        N/A       34%         3
 Passwall                 Tmut/Erth      0%         N/A       36%         2
 Cause Fear               Hex            6%         N/A       45%         4
 Stone Arrow              Conj/Erth      0%         3d7       58%         3


Dungeon Overview and Level Annotations

Branches:
Dungeon (1/15) Zot: 236

Altars:


Innate Abilities, Weirdness & Mutations

You passively map a small area around you.
You are easily found by Zot.
You glow in the dark.
You regain HP and MP as you explore.


Message History

Press: ? - help, Shift-Dir - straight line, f/p - quokka
Aim: a quokka (heavily wounded, 73% to hit)
You feel a surge of power!
The blast of sand hits the quokka but does no damage.
The quokka is heavily wounded.
The kobold barely misses you. The quokka bites you. The kobold misses you.
The quokka closely misses you.
Casting: Sandblast (safe; 26% risk of failure)
Confirm with . or Enter, or press ? or * to list all spells.
Aiming: Sandblast (safe; 26% risk of failure)
Press: ? - help, Shift-Dir - straight line, f/p - quokka
Aim: a quokka (heavily wounded, 73% to hit)
You feel a surge of power!
You miscast Sandblast.
Nothing appears to happen.
The quokka closely misses you. The kobold hits you but does no damage.
Unknown command.
You barely miss the quokka.
The quokka is heavily wounded.
The quokka bites you. The kobold hits you with a +0 dagger.
Sorry, you're not good enough to have a special ability.
Unknown command.
a - a +1 sling (weapon)
The quokka bites you.
You shoot a sling bullet.
The sling bullet hits the quokka but does no damage.
The quokka is heavily wounded.
The kobold closely misses you. The quokka barely misses you.
The kobold hits you with a +0 dagger.
You shoot a sling bullet. The sling bullet hits the quokka.
You kill the quokka!
The kobold hits you with a +0 dagger.
* * * LOW HITPOINT WARNING * * *
Unknown command.
You shoot a sling bullet. The sling bullet hits the kobold.
The kobold is moderately wounded.
The kobold hits you with a +0 dagger.
* * * LOW HITPOINT WARNING * * *
You shoot a sling bullet.
The sling bullet closely misses the kobold.
The kobold hits you with a +0 dagger.
You die...

** * #................
.......#................
, ,
.......#........###.....
,.......
#............... ,
..$....##...............
.......#....#...........
.......#....#..........#
*
.......................'
, ,
...#.†@....##.........#
,
)......K....++.........#
,,
.##.#.......##..........
, , ..
#...........##...... ..
,....................
,.....................
......................
,,
*......###...#.....####.
, , ..... ,...


You could see a kobold.

Vanquished Creatures
  A dart slug (D:1)
  A bat (D:1)
  A giant cockroach (D:1)
  2 goblins (D:1)
  A hobgoblin (D:1)
  A quokka (D:1)
  A kobold (D:1)
8 creatures vanquished.

Notes
Turn   | Place    | Note
-------+----------+-------------------------------------------
     0 | D:1      | monsoonserge the Meteoran Hexslinger began the quest for
                  | the Orb.
     0 | D:1      | Reached XP level 1. HP: 16/16 MP: 3/3
    57 | D:1      | Reached XP level 2. HP: 9/23 MP: 0/5
   323 | D:1      | Learned a level 1 spell: Sandblast
   351 | D:1      | HP: 1/23 [kobold/+0 dagger (4)]
   352 | D:1      | Slain by a kobold

Illustrated notes

Levels and vault maps discovered:
D:1:      minmay_arrival_shoal_huts, layout_basic

Action                     || total
---------------------------++-------
  Melee: Staff             ||     2
   Fire: Sling             ||    34
   Cast: Slow              ||     6
         Sandblast         ||     3
 Armour: Robe              ||     7
  Dodge: Dodged            ||    20
